 Dungeon Crawl Stone Soup version 0.27-a0-1317-gd1140b374c (webtiles) character file.

Game seed: 13825676052200664304

108 Ijustatesigmund the Chopper (level 4, -2/41 HPs)
             Began as a Hill Orc Fighter on June 21, 2021.
             Slain by a gnoll (5 damage)
             ... on level 3 of the Dungeon.
             The game lasted 00:03:21 (1796 turns).

Ijustatesigmund the Chopper (Hill Orc Fighter)      Turns: 1796, Time: 00:03:22

Health: -2/41      AC:  9    Str: 18    XL:     4   Next: 87%
Magic:  4/4        EV:  4    Int:  9    God:
Gold:   35         SH: 10    Dex: 10    Spells: 2/3 levels left

rFire    . . .     SeeInvis .   a - +0 war axe
rCold    . . .     Faith    .   c - +1 kite shield
rNeg     . . .     Spirit   .   b - +0 chain mail {Will+}
rPois    .         Reflect  .   (no helmet)
rElec    .         Harm     .   (no cloak)
rCorr    .         Rampage  .   (no gloves)
Will     +....                  (no boots)
Stlth    ..........             i - amulet of the acrobat
HPRegen  0.13/turn              (no ring)
MPRegen  0.09/turn              (no ring)

@: mighty, lit by a corona, glowing
A: no striking features
a: no special abilities


You were on level 3 of the Dungeon.
You visited 1 branch of the dungeon, and saw 3 of its levels.

You collected 35 gold pieces.

Inventory:

Hand Weapons
 a - a +0 war axe (weapon)
Armour
 b - a +0 chain mail of willpower (worn)
 c - a +1 kite shield (worn)
Jewellery
 i - an amulet of the acrobat (around neck)
Scrolls
 e - 3 scrolls of identify
Potions
 f - 2 potions of flight
 h - a potion of mutation


   Skills:
 + Level 4.7 Fighting
 * Level 5.5 Axes
 - Level 3.2 Armour
 - Level 3.2 Shields


You had 2 spell levels left.
You knew the following spells:

 Your Spells              Type           Power      Damage    Failure   Level
a - Magic Dart            Conj           0%         1d3       100%        1

Your spell library contained the following spells:

 Spells                   Type           Power      Damage    Failure   Level
 Beastly Appendage        Tmut           0%         N/A       100%        1
 Blink                    Tloc           N/A        N/A       100%        2
 Call Imp                 Summ           0%         N/A       100%        2
 Searing Ray              Conj           0%         3d3       100%        2
 Slow                     Hex            0%         N/A       100%        2
 Wereblood                Tmut           0%         N/A       100%        2
 Confusing Touch          Hex            0%         N/A       100%        3
 Conjure Flame            Conj/Fire      0%         6-21      100%        3
 Dazzling Flash           Conj/Hex       0%         N/A       100%        3
 Gell's Gravitas          Tloc           0%         N/A       100%        3
 Mephitic Cloud           Conj/Pois/Air  0%         N/A       100%        3
 Spider Form              Tmut/Pois      0%         N/A       100%        3
 Fulminant Prism          Conj/Hex       0%         3d6       100%        4
 Ice Form                 Ice/Tmut       0%         N/A       100%        4
 Iskenderun's Mystic Bla  Conj/Tloc      0%         2d3       100%        4
 Petrify                  Tmut/Erth      0%         N/A       100%        4
 Metabolic Englaciation   Hex/Ice        0%         N/A       100%        5
 Yara's Violent Unravell  Hex/Tmut       0%         3d3       100%        5


Dungeon Overview and Level Annotations

Branches:
Dungeon (3/15)

Altars:


Message History

The gnoll shaman hits you with a +0 club!
The goblin shoots a stone.
The stone hits you but does no damage. The gnoll hits you but does no damage.
You block the gnoll's attack. The gnoll shaman barely misses you.
You block the orc's attack. The gnoll completely misses you.
You see here an adder corpse.
Okay, then.
You feel very mighty all of a sudden. You block the gnoll's attack.
The gnoll hits you with a +0 flail!
You slash the gnoll!
You kill the gnoll!
You block the gnoll's attack.
You slice the orc!!
You kill the orc!
The goblin shoots a stone.
The stone hits you but does no damage.
The gnoll hits you from afar with a +0 vorpal halberd.
You hit the gnoll shaman.
The gnoll shaman is moderately wounded.
You block the gnoll's attack.
The gnoll shaman hits you with a +0 club.
* * * LOW HITPOINT WARNING * * *
The gnoll hits you from afar with a +0 vorpal halberd!
* * * LOW HITPOINT WARNING * * *
x2 You feel better.
You block the gnoll shaman's attack. You block the gnoll's attack.
You hit the gnoll shaman.
The gnoll shaman is heavily wounded.
You block the gnoll shaman's attack.
The gnoll hits you from afar with a +0 vorpal halberd!
* * * LOW HITPOINT WARNING * * *
x2 The gnoll shaman hits you but does no damage.
You hit the gnoll shaman but do no damage.
The gnoll shaman is heavily wounded.
You block the gnoll's attack. You block the gnoll shaman's attack.
You closely miss the gnoll shaman.
The gnoll shaman is heavily wounded.
You block the gnoll's attack. You block the gnoll shaman's attack.
The gnoll hits you from afar with a +0 vorpal halberd.
You die...

#.#
#.#....#.##..###
#.# #.#....#.##..#
# #.#
#.#........... .
#.# ##.# .# #.#
... ... #.#
.######.####.#.#
#.#
................
##.#########g....#
#.........@gbg...#
############g....#
#.........
..........
...........
#...........
###.....###.
#.....#


You could see a gnoll shaman, 2 gnolls, a goblin and a bat.

Vanquished Creatures
  5 adders
  A gnoll (D:3)
  2 dart slugs
  An orc (D:3)
  5 ball pythons
  5 endoplasms
  2 giant cockroaches
  4 goblins
  5 hobgoblins
  4 jackals (D:3)
  6 bats
  3 frilled lizards
  2 kobolds
  A rat (D:1)
46 creatures vanquished.

Notes
Turn   | Place    | Note
-------+----------+-------------------------------------------
     0 | D:1      | Ijustatesigmund the Hill Orc Fighter began the quest for
                  | the Orb.
     0 | D:1      | Reached XP level 1. HP: 19/19 MP: 1/1
    60 | D:1      | Reached skill level 3 in Axes
   203 | D:1      | Reached XP level 2. HP: 27/27 MP: 2/2
   541 | D:1      | Found a faded altar of an unknown god.
   756 | D:1      | Reached skill level 4 in Axes
  1003 | D:2      | Reached XP level 3. HP: 33/33 MP: 3/3
  1171 | D:2      | Learned a level 1 spell: Magic Dart
  1419 | D:3      | Reached XP level 4. HP: 40/41 MP: 4/4
  1443 | D:3      | Reached skill level 5 in Axes
  1792 | D:3      | HP: 1/41 [gnoll (2)]
  1796 | D:3      | Slain by a gnoll

Illustrated notes

Levels and vault maps discovered:
D:1:      dpeg_arrival_water_temple_mockup, layout_basic,
          ebering_ecumenical_altar_webs
D:2:      layout_rooms, hangedman_abyss_or_decor_lesser_grid, chequers_garden,
          minmay_misc_feat_columns, minmay_misc_feat_chi
D:3:      layout_basic

Skill      XL: |  1  2  3  4 |
---------------+-------------+-----
Axes           | 3 4 5 |  5.5
Fighting       | 4 |  4.7
Armour         | |  3.2
Shields        | |  3.2

Action                   |  1- 3 |  4- 6 || total
-------------------------+-------+-------++-------
Melee: War axe           |   108 |    37 ||   145
  Use: Scroll            |     6 |       ||     6
       Potion            |       |     2 ||     2
Armor: Chain mail        |    76 |    25 ||   101
Dodge: Dodged            |    23 |     8 ||    31
Block: Kite shield       |    71 |    34 ||   105

Table legend: (Time is in decaauts)
 A = Elapsed time spent in this place.
 B = Non-inter-level travel time spent in this place.
 C = Inter-level travel time spent in this place.
 D = Time resting spent in this place.
 E = Time spent auto-exploring this place.
 F = Levels seen in this place.
 G = Mean time per level.
                   A        B        C        D        E       F      G
               +--------+--------+--------+--------+--------+-----+--------+
         Total |   1871 |   1825 |     46 |     89 |   1363 |   3 |  623.7 |
       Dungeon |   1871 |   1825 |     46 |     89 |   1363 |   3 |  623.7 |
               +--------+--------+--------+--------+--------+-----+--------+

Top non-repeatable levels by time:
     D:1: 1000 daAuts
     D:2: 460 daAuts
     D:3: 410 daAuts
